 Dungeon Crawl Stone Soup version 0.29.0-4-gdea44cf6ec (webtiles) character file.

Game seed: 41151241627665864

57 qw the Chopper (level 4, -1/36 HPs)
             Began as a Barachi Chaos Knight on Sept 6, 2022.
             Slain by a quasit (2 damage)
             ... summoned by Xom
             ... on level 2 of the Dungeon.
             The game lasted 00:00:44 (1799 turns).

qw the Chopper (Barachi Chaos Knight)               Turns: 1799, Time: 00:00:45

Health: -1/36      AC:  5    Str: 13 (14) XL:     4   Next: 0%
Magic:  4/4        EV: 10    Int: 12      God:
Gold:   149        SH:  0    Dex:  6 (15) Spells: 3/3 levels left

rFire   . . .      SeeInvis .   Y - +2 hand axe (chaos)
rCold   + . .      Faith    .   (no shield)
rNeg    + . .      Spirit   .   h - +0 ring mail
rPois   .          Reflect  .   (helmet restricted)
rElec   .          Harm     .   (no cloak)
rCorr   .          Rampage  .   (no gloves)
Will    .....                   (no boots)
Stlth   ..........              i - amulet of regeneration
HPRegen 1.72/turn               b - ring of positive energy
MPRegen 0.09/turn               n - ring of protection from cold

@: slow
A: amphibious, slowness 1, strong legs 1, +LOS, horns 1, agile 1, deterioration
1, regeneration 1
a: Hop


You were on level 2 of the Dungeon.
You visited 1 branch of the dungeon, and saw 3 of its levels.

You collected 149 gold pieces.


Innate Abilities, Weirdness & Mutations

You are amphibious.
You cover ground slowly.
You can hop short distances.
You have an extended range of vision and can be seen from far away.
You have a pair of small horns on your head.
You are agile. (Dex +4, Str/Int -1)
Your body sometimes deteriorates upon taking damage.
Your natural rate of healing is unusually fast.


   Skills:
 - Level 3.6 Fighting
 + Level 5.2 Axes
 - Level 2.4 Armour
 - Level 1.1 Dodging


You had 3 spell levels left.
You didn't know any spells.
Your spell library was empty.

Inventory:

Hand Weapons
 e - a +0 club
 Y - a +2 hand axe of chaos (weapon)
Armour
 h - a +0 ring mail (worn)
Jewellery
 b - a ring of positive energy (left hand)
 i - an amulet of regeneration (around neck)
 n - a ring of protection from cold (right hand)
Scrolls
 f - a scroll of identify
Potions
 g - a potion of might
 k - a potion of cancellation
 m - a potion of ambrosia {unknown}
 q - a potion of invisibility {unknown}
Miscellaneous
 c - a piece from Xom's chessboard (15/15)

Dungeon Overview and Level Annotations

Branches:
Dungeon (3/15)

Altars:


Message History

The quasit claws you but does no damage.
The crimson imp hits you but does no damage.
The quasit bites you.
The quasit barely misses you. x2; The quasit bites you.
The quasit claws you but does no damage.
The quasit claws you.
You closely miss the crimson imp. Your headbutt misses the crimson imp.
The crimson imp is severely wounded.
You hit the crimson imp but do no damage.
You hit the white imp but do no damage. You hit the quasit but do no damage.
You miss the quasit. You closely miss the quasit.
The quasit barely misses you. x2
The quasit claws you but does no damage.
The crimson imp hits you but does no damage.
The quasit closely misses you. The quasit claws you.
The quasit claws you but does no damage.
The quasit bites you but does no damage.
The quasit misses you.
The quasit claws you but does no damage.
The quasit bites you.
You feel clumsy. The quasit barely misses you. The quasit misses you.
The crimson imp closely misses you. The quasit bites you.
The quasit claws you but does no damage.
The quasit claws you.
You feel clumsy.
The crimson imp summons a swarm of flies.
The quasit bites you but does no damage.
The quasit claws you but does no damage.
The quasit misses you. The quasit closely misses you.
The quasit claws you but does no damage. x2
You barely miss the crimson imp.
The crimson imp is severely wounded.
You closely miss the crimson imp. You barely miss the quasit.
You closely miss the quasit. You hit the quasit. You hit the crimson imp.
The crimson imp suddenly seems more agile.
The quasit closely misses you. The quasit claws you.
You feel clumsy.
The quasit claws you but does no damage.
The crimson imp barely misses you. The quasit bites you.
You die...

..........####..##Z#
#...# #.#. #######...#
#.###.# #...# #.#. ####
#...# #%###.# #...# #.#.
...# #####
#.#.#.#####'## #.#. ...#
#.#.#.......# #.#. ...#
#.#.........# #.#. ...#
#.#'#######.#####.#.
...# #...5...#
#.......#. ...#
#.5@55..# #########.
...# #.5555..#
#......... ...#
#.555...# #.########
...# #.......# #.# ###
...#
#.......###.#####.##
####
#####.#.................
#.......................
#.###.##########.####.##
######## #.# #.#
#.##.#...


You could see an iron imp (summoned), 3 quasits, 4 crimson imps, a white imp
(summoned) and 2 ufetubi.

Vanquished Creatures
  2 adders (D:2)
  2 dart slugs
  A bat (D:1)
  2 endoplasms
  4 giant cockroaches
  6 hobgoblins
  3 quokkas (D:1)
  2 ball pythons (D:2)
  3 goblins (D:1)
  4 kobolds
  3 rats
32 creatures vanquished.

Notes
Turn   | Place    | Note
-------+----------+-------------------------------------------
     0 | D:1      | qw the Barachi Chaos Knight began the quest for the Orb.
     0 | D:1      | Reached XP level 1. HP: 18/18 MP: 1/1
     0 | D:1      | 0 ||| qw: Version: 0.1-a-107-g9ff403c
     0 | D:1      | 0 ||| qw: Game counter: 6037
     0 | D:1      | 0 ||| qw: Always use a shield: true
     0 | D:1      | 0 ||| qw: God list: Okawaru
     0 | D:1      | 0 ||| qw: Allow faded altars: false
     0 | D:1      | 0 ||| qw: Do Orc after D:15 true
     0 | D:1      | 0 ||| qw: Do second Lair branch before Depths: true
     0 | D:1      | 0 ||| qw: Lair rune preference: random
     0 | D:1      | 0 ||| qw: Plans: Normal
     0 | D:1      | 0 ||| PLANNING D:1-11
     0 | D:1      | Fell from the grace of Xom
   182 | D:1      | 182 ||| Stepping ~*~*~tactically~*~*~ (stealth).
   183 | D:1      | 183 ||| Stepping ~*~*~tactically~*~*~ (stealth).
   201 | D:1      | Reached XP level 2. HP: 22/24 MP: 2/2
   244 | D:1      | Reached skill level 4 in Axes
   312 | D:1      | XOM: give mutations
   312 | D:1      | Gained mutation: Your natural rate of healing is unusually
                  | fast. [Xom's grace]
   312 | D:1      | Gained mutation: You are agile. (Dex +4, Str/Int -1) [Xom's
                  | grace]
   312 | D:1      | Gained mutation: Your muscles are strong. (Str +4, Int/Dex
                  | -1) [Xom's grace]
   312 | D:1      | Gained mutation: You have a pair of small horns on your
                  | head. [Xom's grace]
   369 | D:1      | 369 ||| Stepping ~*~*~tactically~*~*~ (stealth).
   371 | D:1      | 371 ||| Stepping ~*~*~tactically~*~*~ (stealth).
   372 | D:1      | 372 ||| Stepping ~*~*~tactically~*~*~ (stealth).
   372 | D:1      | XOM: summons 3 hostile demons
   377 | D:1      | HP: 3/24 [shadow imp[Xom] (4)]
   382 | D:1      | HP: 4/24 [ufetubus[Xom] (1)]
   481 | D:1      | Reached XP level 3. HP: 29/29 MP: 3/3
   796 | D:1      | 796 ||| UPGRADING to +0 ring mail.
   806 | D:1      | 806 ||| DROPPING +2 leather armour.
   807 | D:1      | 807 ||| UPGRADING to amulet of regeneration.
   812 | D:1      | 812 ||| READING scroll labelled URUHOI AMUIST.
   813 | D:1      | 813 ||| READING 2 scrolls labelled URYESUQ XU GAO.
   814 | D:1      | 814 ||| READING scroll labelled FUAZEI KEUL.
   815 | D:1      | 815 ||| READING scroll labelled NIORUY WIOPN.
   816 | D:1      | 816 ||| READING scroll labelled CAV OLAYXZENO.
   957 | D:2      | 957 ||| READING scroll of enchant weapon.
   957 | D:2      | 957 ||| ENCHANTING +1 hand axe of chaos.
  1316 | D:2      | Reached skill level 5 in Axes
  1373 | D:2      | Found a faded altar of an unknown god.
  1750 | D:2      | Reached XP level 4. HP: 36/36 MP: 4/4
  1754 | D:2      | 1754 ||| UPGRADING to ring of positive energy.
  1755 | D:2      | 1755 ||| UPGRADING to ring of protection from cold.
  1756 | D:2      | 1756 ||| READING scroll labelled HIFEBRU FUOH.
  1757 | D:2      | 1757 ||| READING 2 scrolls labelled JELASO QOUQIU.
  1758 | D:2      | 1758 ||| READING scroll labelled ILOIGRI HURU.
  1759 | D:2      | 1759 ||| READING scroll labelled BEHYIS JIVIH.
  1760 | D:2      | 1760 ||| READING scroll labelled YGOIMO COSI.
  1761 | D:2      | XOM: give mutations
  1761 | D:2      | Lost mutation: Your muscles are strong. (Str +4, Int/Dex
                  | -1) [Xom's mischief]
  1761 | D:2      | Gained mutation: You are frail. (-10% HP) [Xom's mischief]
  1761 | D:2      | Lost mutation: You are frail. (-10% HP) [Xom's mischief]
  1761 | D:2      | Gained mutation: Your body sometimes deteriorates upon
                  | taking damage. [Xom's mischief]
  1765 | D:2      | 1765 ||| READING 4 scrolls of identify.
  1765 | D:2      | 1765 ||| IDENTIFYING yellow potion
  1766 | D:2      | 1766 ||| READING 3 scrolls of identify.
  1766 | D:2      | 1766 ||| IDENTIFYING murky orange potion
  1767 | D:2      | 1767 ||| READING 2 scrolls of identify.
  1767 | D:2      | 1767 ||| IDENTIFYING black potion
  1768 | D:2      | 1768 ||| DROPPING scroll of noise.
  1784 | D:2      | XOM: summons 14 hostile demons
  1786 | D:3      | 1786 ||| STAIRDANCE
  1791 | D:2      | HP: 9/36 [quasit[Xom] (1)]
  1792 | D:2      | 1792 ||| DRINKING potion of heal wounds.
  1797 | D:2      | HP: 9/36 [quasit[Xom] (4)]
  1798 | D:2      | HP: 3/36 [quasit[Xom] (3)]
  1798 | D:2      | HP: 1/36 [quasit[Xom] (1)]
  1799 | D:2      | Slain by a quasit

Levels and vault maps discovered:
D:1:      scummos_arrival_forest, layout_basic
D:2:      layout_basic, hellmonk_ecumenical_altar_lost_god, minivault_24,
          hangedman_decor_peaks_small, minivault_5, nicolae_elevator_lobby_plus
D:3:      layout_loops_ring, lemuel_crystal_altar, uniq_grinder

Skill      XL: |  1  2  3 |
---------------+----------+-----
Axes           | 4 5 |  5.2
Fighting       | |  3.6
Armour         | |  2.4
Dodging        | |  1.1

Action                   |  1- 3 |  4- 6 || total
-------------------------+-------+-------++-------
Melee: Hand axe          |    73 |    11 ||    84
       Headbutt          |     4 |     1 ||     5
       Punch             |       |     1 ||     1
Invok: Renounce Religion |     1 |       ||     1
  Use: Scroll            |     6 |     8 ||    14
       Potion            |       |     1 ||     1
 Stab: Paralysed         |     1 |       ||     1
Armor: Leather armour    |    23 |       ||    23
       Ring mail         |    11 |    96 ||   107
Dodge: Dodged            |    52 |    95 ||   147

Table legend:
 A = Non-vault XP
 B = Vault XP
 C = Vault XP percentage of total XP
 D = Non-vault monster count
 E = Vault monster count
 F = Vault count percentage of total count
                 A         B        C        D         E       F
            +---------+---------+-------+---------+---------+-------
      Total |      82 |       0 |   0.0 |      32 |       0 |   0.0
            +---------+---------+-------+---------+---------+-------
        D:1 |      36 |       0 |   0.0 |      19 |       0 |   0.0
        D:2 |      46 |       0 |   0.0 |      13 |       0 |   0.0
            +---------+---------+-------+---------+---------+-------
